 Dungeon Crawl Stone Soup version 0.29.1-1-gd02db6906a (webtiles) character file.

Game seed: 14261259328721246067

275 Demigod47 the Cudgeller (level 6, -1/53 HPs)
             Began as a Minotaur Fighter on Oct 9, 2022.
             Slain by Groucho's ghost (5 damage)
             ... on level 4 of the Dungeon.
             The game lasted 00:08:02 (2422 turns).

Demigod47 the Cudgeller (Minotaur Fighter)          Turns: 2422, Time: 00:08:03

Health: -1/53      AC: 12    Str: 21 (22) XL:     6   Next: 3%
Magic:  5/5        EV:  6    Int:  4 (5)  God:
Gold:   286        SH:  4    Dex:  7 (10) Spells: 5/5 levels left

rFire   . . .      SeeInvis .   a - +0 flail
rCold   + . .      Faith    .   c - +0 buckler
rNeg    . . .      Spirit   .   n - +0 plate armour
rPois   .          Reflect  .   (helmet restricted)
rElec   .          Harm     .   (no cloak)
rCorr   .          Rampage  .   (no gloves)
Will    .....                   (no boots)
Stlth   ..........              (no amulet)
HPRegen 0.17/turn               (no ring)
MPRegen 0.09/turn               (no ring)

@: no status effects
A: horns 2, retaliatory headbutt, cold resistance 1
a: no special abilities


You were on level 4 of the Dungeon.
You visited 1 branch of the dungeon, and saw 4 of its levels.

You collected 286 gold pieces.

Inventory:

Hand Weapons
 a - a +0 flail (weapon)
Armour
 b - a +0 scale mail
 c - a +0 buckler (worn)
 n - a +0 plate armour (worn)
Scrolls
 e - a scroll of summoning {unknown}
 f - 3 scrolls of identify {unknown}
 h - a scroll of noise {unknown}
 i - a scroll of butterflies {unknown}
 j - 2 scrolls of enchant armour {unknown}
 k - a scroll of teleportation {unknown}
 m - a scroll of acquirement {unknown}
 o - a scroll of blinking {unknown}
 p - a scroll of brand weapon {unknown}
Potions
 d - 3 potions of might
 g - 2 potions of curing


   Skills:
 + Level 4.3 Fighting
 * Level 5.7 Maces & Flails
 + Level 4.8 Armour
 + Level 0.8 Dodging
 + Level 0.1 Stealth
 + Level 4.6 Shields


You had 5 spell levels left.
You didn't know any spells.
Your spell library contained the following spells:

 Spells                   Type           Power      Damage    Failure   Level
 Gell's Gravitas          Tloc           0%         N/A       100%        3
 Lesser Beckoning         Tloc           0%         N/A       100%        3
 Teleport Other           Tloc           0%         N/A       100%        3


Dungeon Overview and Level Annotations

Branches:
Dungeon (4/15)
 Temple: D:4-7

Altars:
Gozag
Kikubaaqudgha
Nemelex Xobeh
Qazlal
Vehumet

Shops:
D:4 (

Annotations:
D:4 1 runed translucent door, Groucho's ghost, amateur FeBe


Innate Abilities, Weirdness & Mutations

You have a pair of horns on your head.
You reflexively headbutt those who attack you in melee.
Your flesh is cold resistant. (rC+)


Message History

Groucho's ghost hits you but does no damage.
Your unstable footing causes you to fumble your attack.
Groucho's ghost hits you.
You barely miss Groucho's ghost. Your headbutt misses Groucho's ghost.
Groucho's ghost barely misses you. Groucho's ghost hits you!
You barely miss Groucho's ghost. Groucho's ghost hits you!
Your unstable footing causes you to fumble your attack.
Groucho's ghost hits you!
* * * LOW HITPOINT WARNING * * *
It was a potion of degeneration.
There was something very wrong with that liquid.
You feel weakened.
You feel dopey.
You feel clumsy. Groucho's ghost hits you.
* * * LOW HITPOINT WARNING * * *
Groucho's ghost barely misses you.
Groucho's ghost hits you but does no damage.
You see here a river rat corpse.
Unknown command.
There is an open translucent door, spattered with blood here.
Groucho's ghost attacks as you move away!
Groucho's ghost hits you!
* * * LOW HITPOINT WARNING * * *
Groucho's ghost attacks as you move away!
Groucho's ghost hits you but does no damage.
You barely miss Groucho's ghost.
Groucho's ghost says, "Missed me!"
Groucho's ghost hits you.
* * * LOW HITPOINT WARNING * * *
Groucho's ghost barely misses you.
You miss Groucho's ghost.
Groucho's ghost hits you but does no damage.
You miss Groucho's ghost.
Groucho's ghost hits you but does no damage.
You sock Groucho's ghost!
Groucho's ghost is heavily damaged.
You block Groucho's ghost's attack.
Groucho's ghost whispers, "It is all a dream - a grotesque and foolish dream."
Groucho's ghost barely misses you. Groucho's ghost hits you.
You die...

#...........#~~~###)#
####.#......#~~~# #.#
#........#~!~# #.####
#.#......#~~~# #....#
#.#......#~~~# #....#
#.#......#~~~# #....#
#.#......#~††# #....#
###......##'####....#
#......@..........#####.
#........W.........).....
###########.###....#####.
#.# #....# #.# #....# #.#
#...... #.# #.###### #.#
#.# #.# #.#


You could see Groucho's ghost.

Vanquished Creatures
  An ogre (D:4)
  A necrophage (D:4)
  4 adders
  2 river rats (D:4)
  An ufetubus (D:4)
  4 orcs
  7 bats
  5 endoplasms
  2 giant cockroaches
  8 goblins
  6 hobgoblins
  8 jackals
  4 quokkas
  5 ball pythons
  2 frilled lizards (D:2)
  6 kobolds
  2 rats
68 creatures vanquished.

Notes
Turn   | Place    | Note
-------+----------+-------------------------------------------
     0 | D:1      | Demigod47 the Minotaur Fighter began the quest for the Orb.
     0 | D:1      | Reached XP level 1. HP: 19/19 MP: 0/0
   213 | D:1      | Reached XP level 2. HP: 25/27 MP: 1/1
   521 | D:1      | Gained mutation: Armour fits poorly on your strangely
                  | shaped body. [potion of mutation]
   521 | D:1      | Lost mutation: Armour fits poorly on your strangely shaped
                  | body. [potion of mutation]
   521 | D:1      | Gained mutation: Your flesh is cold resistant. (rC+)
                  | [potion of mutation]
   553 | D:2      | Reached XP level 3. HP: 31/33 MP: 2/2
   587 | D:2      | Identified the +8 falchion of the Elven Halls {flame, rC++
                  | Str+7 Dex-2}
   600 | D:2      | Reached skill level 3 in Maces & Flails
   729 | D:2      | Found a faded altar of an unknown god.
  1248 | D:3      | Found a radiant altar of Vehumet.
  1325 | D:3      | Reached XP level 4. HP: 40/40 MP: 3/3
  1417 | D:3      | Found a stormy altar of Qazlal.
  1749 | D:3      | Found a sparkling altar of Nemelex Xobeh.
  1939 | D:4      | Reached skill level 4 in Maces & Flails
  1973 | D:4      | Noticed a necrophage
  1974 | D:4      | Found an opulent altar of Gozag.
  1981 | D:4      | Killed a necrophage
  1982 | D:4      | Reached XP level 5. HP: 39/46 MP: 4/4
  2103 | D:4      | Noticed an ogre
  2112 | D:4      | Killed an ogre
  2113 | D:4      | Reached skill level 5 in Maces & Flails
  2269 | D:4      | Found an ancient bone altar of Kikubaaqudgha.
  2270 | D:4      | Found Poriteqi's Weapon Emporium.
  2325 | D:4      | Found a runed translucent door.
  2328 | D:4      | Noticed Groucho's ghost (amateur FeBe)
  2357 | D:4      | Found a runed translucent door.
  2402 | D:4      | Reached XP level 6. HP: 43/53 MP: 5/5
  2422 | D:4      | Slain by Groucho's ghost

Illustrated notes

Levels and vault maps discovered:
D:1:      dpeg_arrival_solitude, layout_rooms, minmay_pentomino_w2
D:2:      layout_rooms, ebering_ecumenical_altar_webs, lightli_corner_chamber
D:3:      layout_loops_cross, nicolae_vehumet_altar_sigil,
          nicolae_qazlal_scattered_showers, nemelex_diamond_rough_becter,
          grunt_decor_mini_mirrors, kennysheep_pointless_box,
          chequers_decorated_corner, minmay_splitting_lines
D:4:      layout_basic, grunt_gozag_breadcrumbs, lemuel_crystal_altar,
          chequers_ossuary_entry_cave, ebering_ghost_sewer_f, serial_shops,
          nicolae_shop_trees, dreamdust_princess_bridge,
          kennysheep_generic_room_16

Skill      XL: |  1  2  3  4  5 |
---------------+----------------+-----
Fighting       | 4 |  4.3
Armour         | 4 |  4.8
Shields        | 4 |  4.6
Maces & Flails | 3 4 5 |  5.7
Dodging        | |  0.8
Stealth        | |  0.1

Action                   |  1- 3 |  4- 6 || total
-------------------------+-------+-------++-------
Melee: Flail             |    90 |    69 ||   159
       Headbutt          |     9 |     6 ||    15
  Use: Potion            |     2 |     2 ||     4
Armor: Scale mail        |    75 |    27 ||   102
       Plate armour      |       |    26 ||    26
Dodge: Dodged            |    76 |    33 ||   109
Block: Buckler           |    30 |    11 ||    41
